Zazza, lawful female human Tourist # ---|-- ------ ---------- #.....| |....| #-........| ###|...<-# |....| ###|........| # |....|# #I-....| # |........| ### ------### ------- # |!f..| ### |........-# # # |.*...-##### |..I.| # |........|# ### ##-.....|# |..@%| # |>.......|### ###|......# ------ # ----------### # ------- ----------# # ### ### |.........# # # # |........| ########################### |.........####-----------# # ------ ####### |........| ##..........|# ###|....| ------# |........| # |..........# #...).-####### |.....### ----- |....|...| |.........| |....| # |....|#####....| ---------- ----------- ------ ##.....| ###|...| ------ #....| ----- Zazza the Rambler Experience level: 2 Strength: 11 Dexterity: 14 Constitution: 16 Intelligence: 12 Wisdom: 9 Charisma: 15 Health: 0(19) Energy: 8(8) Def: 0 Gold: 0 Moves: 2407 Dungeon seed: Bps5ZbCP5Ia51hfd Game ID: Zazza_1597946957 Your Inventory: Weapons a - 33 blessed +2 darts (in quiver) q - 8 +0 darts u - 6 +0 shuriken X - a +0 orcish dagger (weapon in hand) Armor e - an uncursed +0 Hawaiian shirt n - an uncursed +0 orcish helm y - an uncursed +0 orcish cloak (being worn) z - a cursed -1 helm of opposite alignment (being worn) Comestibles b - 7 uncursed food rations d - an uncursed tin of goblin meat f - an uncursed orange K - an uncursed slime mold T - an uncursed sprig of wolfsbane Scrolls h - 2 blessed scrolls of magic mapping i - an uncursed scroll of magic mapping m - an uncursed scroll of remove curse w - an uncursed scroll of identify I - an uncursed scroll of scare monster Potions g - 2 uncursed potions of extra healing v - 2 uncursed potions of water P - a blessed potion of fruit juice Wands s - a wand of light (0:11) Tools j - an expensive camera (0:80) k - an uncursed skeleton key l - an uncursed saddle r - an uncursed oil lamp (0:0) t - an uncursed credit card J - an uncursed mirror Gems N - an uncursed worthless piece of blue glass Spells and supernatural/magical abilities: Name Level Category Fail Memory W - pray for help -- divine ? -- Your skills at the end: Fighting Skills Weapon Skills dart [Basic] Spellcasting Skills Final Attributes: You were piously aligned. You are dead. Vanquished creatures: 2 shriekers a gas spore 2 giant rats a red mold 3 geckos 7 jackals a kobold 2 goblins a sewer rat 6 grid bugs a bat a lichen a kobold zombie 5 newts 34 creatures vanquished. Voluntary challenges: You had been an atheist until turn 1962. You never hit with a wielded weapon. You read items or engraved 3 times, starting on turn 196. You never genocided any monsters. You never polymorphed an object. You never changed form. You used no wishes. You never split a pudding. You wrote Elbereth's name 1 time, starting on turn 196. You violated your moral code, losing 1 point of alignment, starting on turn 2405. Dungeon overview: The Dungeons of Doom: levels 1 to 4 Level 1 a fountain a long staircase Level 2 an armor shop, a fountain stairs to The Gnomish Mines Level 3 a jewelry store, a fountain Level 4 <- You were here a delicatessen The Gnomish Mines: Level 3 stairs to The Dungeons of Doom History has recorded: On T:1 you entered the Dungeons of Doom to retrieve the Amulet of Yendor! On T:268 you reached level 2 of The Dungeons of Doom. On T:800 you reached level 3 of The Dungeons of Doom. On T:1441 you reached level 1 of The Gnomish Mines. On T:1530 you reached level 4 of The Dungeons of Doom. On T:2208 you advanced to experience level 2. Score breakdown: Gold: 0 ( 0 points) Experience: 2 levels ( 5570 points) Exploration: 4 levels ( 8.16%) ( 7500 points) Discoveries: 5 items ( 1.68%) ( 3885 points) Valuables value: (no points given unless you survive) Artifact value: 0 ( 0 points) Variety of kills: 14 monsters ( 3.67%) ( 5750 points) Turncount: 2407 turns ( -274 points) Survival: died (score multiplied by 80%) Total score: 17944 Latest messages: You faint from lack of food. You come to. That food really hit the spot! Your movements are now unencumbered. You hear some noises in the distance. You are beginning to feel hungry. You finish eating the food ration. The gas spore is killed! Djasinga gets angry! Djasinga is caught in the gas spore's explosion! Djasinga resists the gas spore's explosion! Djasinga drinks a puce potion! Suddenly you cannot see Djasinga. Wait! There's something there you can't see! You hear a nearby zap. The magic missile hits you! The magic missile bounces! The magic missile hits you! You die... Djasinga takes all your possessions. Final status: Aloha Zazza the Tourist, killed by a magic missile... You died in The Dungeons of Doom on dungeon level 4 with 17944 points, and 0 pieces of gold, after 2407 moves. You were level 2 with a maximum of 19 hit points when you died.